 Dungeon Crawl Stone Soup version 0.30-a0-137-gd8773701ce (webtiles) character file.

Game seed: 3327132980445640021

149 juncz the Magician (level 5, -7/40 HPs)
             Began as a Djinni Conjurer on Sept 23, 2022.
             Killed by divine providence
             ... invoked by an orc priest
              (10 damage)
             ... on level 3 of the Dungeon.
             The game lasted 00:04:58 (3175 turns).

juncz the Magician (Djinni Conjurer)                Turns: 3175, Time: 00:04:58

Health: -7/40      AC:  2    Str:  6    XL:     5   Next: 56%
Gold:   214        EV: 12    Int: 21    God:
                   SH:  0    Dex: 12

rFire   + + .      SeeInvis .    (no weapon)
rCold   x . .      Faith    .    (no shield)
rNeg    . . .      Spirit   .    a - +0 robe
rPois   ∞          Reflect  .    (no helmet)
rElec   .          Harm     .    (no cloak)
rCorr   .          Rampage  .    (no gloves)
Will    .....                    (boots unavailable)
Stlth   ++........               (no amulet)
HPRegen 0.13/turn                (no ring)
MPRegen 0.00/turn                (no ring)

@: flying
A: sickness immunity, fire resistance 2, cold vulnerability 1, float, innate
caster, HP casting, extra vitality 1
a: no special abilities


You were on level 3 of the Dungeon.
You visited 1 branch of the dungeon, and saw 4 of its levels.

You collected 214 gold pieces.

Inventory:

Armour
 a - a +0 robe (worn)
Jewellery
 k - a +6 ring of strength
Scrolls
 b - a scroll of butterflies {unknown}
 c - a scroll of magic mapping {unknown}
 i - a scroll of teleportation {unknown}
 j - a scroll of poison {unknown}
 l - a scroll of identify {unknown}
Potions
 d - a potion of degeneration {unknown}
 e - 2 potions of brilliance {unknown}
 f - 2 potions of curing {unknown}
 g - 4 potions of heal wounds {unknown}
 h - a potion of magic {unknown}


   Skills:
 + Level 3.2 Fighting
 - Level 2.1 Dodging
 - Level 1.5 Stealth
 + Level 4.2 Spellcasting


You couldn't memorise any spells.
You knew the following spells:

 Your Spells              Type           Power      Damage    Failure   Level
a - Magic Dart            Conj           88%        1d7       1%          1
b - Searing Ray           Conj           44%        2d6       3%          2
c - Dazzling Flash        Conj/Hex       44%        N/A       6%          3
d - Fulminant Prism       Conj/Hex       11%        3d9       21%         4
e - Iskenderun's Mystic   Conj/Tloc      22%        2d6       21%         4
f - Summon Small Mammal   Summ           88%        N/A       1%          1
g - Wereblood             Tmut           22%        N/A       3%          2
Your spell library was empty.

Dungeon Overview and Level Annotations

Branches:
Dungeon (4/15)
 Temple: D:4-7

Altars:
Fedhas
Gozag
Xom

Annotations:
D:3 2 transporters


Innate Abilities, Weirdness & Mutations

You are immune to sickness and miasma.
You are immune to poison.
Your flesh is very heat resistant. (rF++)
You are vulnerable to cold. (rC-)
You float through the air rather than walking.
You learn spells naturally, not from books.
Your magical power is your life essence.
You have superior vitality. (+4 MHP)


Message History

Level annotation: 2 transporters Reactivating autopickup.
There is a stone staircase leading down here.
The magic dart hits the orc priest.
The orc priest is moderately wounded.
The orc priest calls down the wrath of Beogh upon you.
Beogh smites you!
You are too injured to fight recklessly!
Sorry, you're not good enough to have a special ability.
Casting: Magic Dart (safe; 1% risk of failure)
Confirm with . or Enter, or press ? or * to list all spells.
Aiming: Magic Dart (safe; 1% risk of failure)
Press: ? - help, Shift-Dir - straight line, f/p - orc priest
Aim: an orc priest, wielding a +0 mace and wearing a +0 ring mail (moderately wounded, 100% to hit)
The magic dart hits the orc priest.
The orc priest is moderately wounded.
* * * LOW HITPOINT WARNING * * *
The orc priest hits you with a +0 mace!
* * * LOW HITPOINT WARNING * * *
Casting: Magic Dart (safe; 1% risk of failure)
Confirm with . or Enter, or press ? or * to list all spells.
Aiming: Magic Dart (safe; 1% risk of failure)
Press: ? - help, Shift-Dir - straight line, f/p - orc priest
Aim: an orc priest, wielding a +0 mace and wearing a +0 ring mail (moderately wounded, 100% to hit)
The magic dart hits the orc priest.
The orc priest is moderately wounded.
* * * LOW HITPOINT WARNING * * *
The orc priest closely misses you.
Your magical contamination has completely faded away.
Casting: Magic Dart (safe; 1% risk of failure)
Confirm with . or Enter, or press ? or * to list all spells.
Aiming: Magic Dart (safe; 1% risk of failure)
Press: ? - help, Shift-Dir - straight line, f/p - orc priest
Aim: an orc priest, wielding a +0 mace and wearing a +0 ring mail (moderately wounded, 100% to hit)
The magic dart hits the orc priest.
The orc priest is heavily wounded.
* * * LOW HITPOINT WARNING * * *
The orc priest mumbles some strange prayers to Beogh against you.
Beogh smites you!
You die...

.# #####.##.#.# #.# #.# .#
###.##.#.#####.# #.# .#
#...........##.## #.# .#
#.#.##........).# #.#
.######.#<##.#.##.##..# #.#
.............#....##..# #.#
######..########..##..### #.#####
######..#####..o........###......
..............##@.##..#.........#
######..########..##..####......#
######..########..##..###.......#
.^................##......(....(#
######..#########.###.###.......#
..................# #.# ##......#
################### #.# #....#.#
#.# #.####.# #.# #.####.#


You could see an orc priest.

Vanquished Creatures
  A scorpion (D:3)
  3 adders
  2 worms
  2 dart slugs
  3 ball pythons
  4 endoplasms
  A giant cockroach (D:1)
  6 goblins
  5 hobgoblins
  8 kobolds
  2 quokkas
  6 bats
  2 frilled lizards
  4 rats
49 creatures vanquished.

Notes
Turn   | Place    | Note
-------+----------+-------------------------------------------
     0 | D:1      | juncz the Djinni Conjurer began the quest for the Orb.
     0 | D:1      | juncz set off with the following spells memorised: Magic
                  | Dart, Searing Ray, Dazzling Flash, Fulminant Prism,
                  | Iskenderun's Mystic Blast.
     0 | D:1      | Reached XP level 1. HP: 15/15 MP: 0/0
   230 | D:1      | Reached XP level 2. HP: 19/22 MP: 0/0
   233 | D:1      | Reached skill level 1 in Fighting
   505 | D:1      | Found a faded altar of an unknown god.
   805 | D:1      | Reached XP level 3. HP: 27/27 MP: 0/0
   805 | D:1      | Learned a level 1 spell: Summon Small Mammal
  1464 | D:2      | Reached XP level 4. HP: 22/33 MP: 0/0
  2409 | D:3      | Noticed a scorpion
  2418 | D:3      | Killed a scorpion
  2419 | D:3      | Reached skill level 4 in Spellcasting
  2419 | D:3      | Reached XP level 5. HP: 13/40 MP: 0/0
  2419 | D:3      | Learned a level 2 spell: Wereblood
  2649 | D:3      | Found a shimmering altar of Xom.
  2649 | D:3      | Found a blossoming altar of Fedhas.
  2650 | D:3      | Found an opulent altar of Gozag.
  3006 | D:3      | Found a transporter.
  3031 | D:3      | Found a transporter.
  3175 | D:3      | Killed from afar by an orc priest

Illustrated notes

Levels and vault maps discovered:
D:1:      amcnicky_arrival_flooded_fountain, layout_loops_ring,
          hellmonk_ecumenical_altar_blasted
D:2:      layout_rooms, minmay_surrounded
D:3:      gammafunk_steamed_eel, layout_loops_ring,
          chequers_temple_overflow_statue_of_worship
D:4:      layout_cave_pools, amcnicky_altar_gilded, minmay_temple_entry_arrows,
          nicolae_concentric_dashed_squares_mild

Skill      XL: |  1  2  3  4 |
---------------+-------------+-----
Fighting       | 1 2 3 |  3.2
Spellcasting   | 4 |  4.2
Dodging        | |  2.1
Stealth        | |  1.5

Action                   |  1- 3 |  4- 6 || total
-------------------------+-------+-------++-------
 Cast: Magic Dart        |    61 |    67 ||   128
Dodge: Dodged            |     3 |     6 ||     9

Table legend: (Time is in decaauts)
 A = Elapsed time spent in this place.
 B = Non-inter-level travel time spent in this place.
 C = Inter-level travel time spent in this place.
 D = Time resting spent in this place.
 E = Time spent auto-exploring this place.
 F = Levels seen in this place.
 G = Mean time per level.
                   A        B        C        D        E       F      G
               +--------+--------+--------+--------+--------+-----+--------+
         Total |   3174 |   3064 |    110 |      0 |   2835 |   4 |  793.5 |
       Dungeon |   3174 |   3064 |    110 |      0 |   2835 |   4 |  793.5 |
               +--------+--------+--------+--------+--------+-----+--------+

Top non-repeatable levels by time:
     D:1: 1251 daAuts
     D:3: 982 daAuts
     D:2: 934 daAuts
     D:4: 6 daAuts
